 Dungeon Crawl Stone Soup version 0.31-a0-846-gb3bcc0d938 (webtiles) character file.

Game seed: 14907521127165528704

967 Bnni the Vexing (level 8, -3/60 HPs)
             Began as a Formicid Hexslinger on Oct 4, 2023.
             Was an Initiate of Hepliaklqana.
             Slain by a gnoll
             ... wielding a +0 whip
             ... led by a gnoll bouda
              (8 damage)
             ... on level 5 of the Dungeon.
             The game lasted 00:06:30 (3935 turns).

Bnni the Vexing (Formicid Hexslinger)               Turns: 3935, Time: 00:06:30

Health: -3/60      AC:  6    Str: 14    XL:     8   Next: 38%
Magic:  2/13       EV: 12    Int: 18    God:    Hepliaklqana [......]
Gold:   255        SH:  0    Dex: 18    Spells: 2/14 levels left

rFire   . . .        a - +1 sling
rCold   . . .        (no shield)
rNeg    . . .        j - +0 leather armour {rPois}
rPois   +            (helmet unavailable)
rElec   .            D - +0 cloak
rCorr   .            f - +0 pair of gloves
SInv    +            i - +0 pair of boots
Will    .....        (no amulet)
Stlth   +            d - +6 ring of intelligence
HPRegen 0.30/turn    (no ring)
MPRegen 0.13/turn

%: no passive effects
@: weak-willed, weakened
A: permanent stasis, dig shafts and tunnels, antennae 3, four strong arms
a: Dig, Shaft Self, Renounce Religion


You were on level 5 of the Dungeon.
You worshipped Hepliaklqana.
Hepliaklqana was noncommittal.
You visited 2 branches of the dungeon, and saw 7 of its levels.

You collected 255 gold pieces.

Inventory:

Hand Weapons
 a - a +1 sling (weapon)
Missiles
 e - 2 poisoned darts
Armour
 f - a +0 pair of gloves (worn)
 i - a +0 pair of boots (worn)
 j - a +0 leather armour of poison resistance (worn)
 n - a +0 kite shield
 D - a +0 cloak (worn)
Jewellery
 d - a +6 ring of intelligence (left hand)
 p - a ring of magical power
 C - a +4 ring of slaying
Wands
 v - a wand of quicksilver (13)
 w - a wand of mindburst (15)
Scrolls
 b - 2 scrolls of poison
 k - 3 scrolls of amnesia {unknown}
 l - 3 scrolls of identify {unknown}
 q - 2 scrolls of teleportation {unknown}
 r - a scroll of revelation {unknown}
 t - a scroll of vulnerability {unknown}
 x - 3 scrolls of blinking {unknown}
 y - a scroll of acquirement {unknown}
 A - a scroll of enchant weapon {unknown}
 B - a scroll of immolation {unknown}
Potions
 c - 2 potions of haste {unknown}
 g - 2 potions of enlightenment {unknown}
 h - a potion of berserk rage {unknown}
 m - a potion of might {unknown}
 o - 2 potions of lignification {unknown}
 s - a potion of attraction {unknown}
 u - 2 potions of magic {unknown}
 z - 2 potions of mutation {unknown}


   Skills:
 + Level 3.8 Fighting
 * Level 5.2 Ranged Weapons
 + Level 2.7 Armour
 - Level 1.7 Dodging
 + Level 3.5 Spellcasting
 * Level 6.9 Hexes
 - Level 1.0 Fire Magic
 + Level 1.2 Invocations


You had 2 spell levels left.
You knew the following spells:

 Your Spells              Type           Power      Damage    Failure   Level
a - Jinxbite              Hex            56%        N/A       1%          2
b - Inner Flame           Hex/Fire       17%        N/A       11%         3
d - Cause Fear            Hex            14%        N/A       11%         4
o - Sigil of Binding      Hex            28%        N/A       3%          3

Your spell library contained the following spells:

 Spells                   Type           Power      Damage    Failure   Level
 Kiss of Death            Conj/Necr      12%        2d6       19%         1
 Sandblast                Erth           6%         2d5       19%         1
 Lesser Beckoning         Tloc           6%         N/A       28%         2
 Momentum Strike          Conj/Tloc      6%         3d8       28%         2
 Passwall                 Tmut/Erth      2%         N/A       28%         2
 Dimensional Bullseye     Hex/Tloc       7%         N/A       41%         4
 Ignite Poison            Fire/Tmut/Pois 4%         N/A       45%         3
 Gell's Gravitas          Tloc           3%         N/A       50%         3
 Stone Arrow              Conj/Erth      6%         3d7       50%         3
 Teleport Other           Tloc           3%         N/A       50%         3
 Sticky Flame             Conj/Fire      4%         2d3       83%         4
 Brom's Barrelling Bould  Conj/Erth      3%         2d3       88%         4
 Ignition                 Fire           3%         3d4       100%        8
 Blink                    Tloc           Unusable   N/A       N/A         2

Dungeon Overview and Level Annotations

Branches:
Dungeon (6/15)             Temple (1/1) D:5

Altars:
Cheibriados
Dithmenos
Fedhas
Gozag
Hepliaklqana
Kikubaaqudgha
Nemelex Xobeh
Okawaru
Qazlal
Ru
Sif Muna
Trog
Uskayaw
Vehumet
Wu Jian
Xom
Zin

Shops:
D:3 :

Annotations:
D:6 Maggie


Innate Abilities, Weirdness & Mutations

You cannot be hasted, slowed, berserked, paralysed or teleported.
You can dig through walls and to a lower floor.
You have a pair of large antennae on your head. (SInv)
Your four strong arms can wield two-handed weapons with a shield.


Message History

The gnoll bouda hits you with a +0 club.
The gnoll attacks as it pursues you! The gnoll misses you.
The gnoll barely misses you. The gnoll bouda closely misses you.
There is a stone staircase leading up here.
The gnoll is no longer moving quickly.
The gnoll barely misses you. The gnoll hits you with a +0 whip.
The gnoll bouda barks out a call to the hunt!
The gnoll picks up the pace!
You climb upwards.
There is a stone staircase leading down here.
You shoot a sling bullet. The sling bullet hits the gnoll bouda.
The gnoll bouda is heavily wounded.
The gnoll is no longer moving quickly.
The gnoll bouda hits you but does no damage.
The gnoll hits you with a +0 whip.
You shoot a sling bullet. The sling bullet hits the gnoll bouda.
The gnoll bouda is severely wounded.
The gnoll barely misses you.
The gnoll bouda hits you with a +0 club.
You shoot a sling bullet. The sling bullet hits the gnoll bouda.
The gnoll bouda is almost dead.
The gnoll closely misses you.
The gnoll bouda hits you with a +0 club!
You shoot a sling bullet.
The sling bullet hits the gnoll bouda but does no damage.
The gnoll bouda is almost dead.
The gnoll hits you with a +0 whip.
* * * LOW HITPOINT WARNING * * *
The gnoll bouda barely misses you.
You shoot a sling bullet.
The sling bullet hits the gnoll bouda but does no damage.
The gnoll bouda is almost dead.
The gnoll hits you with a +0 whip.
* * * LOW HITPOINT WARNING * * *
The gnoll bouda gazes fiercely through you!
You feel your attacks grow feeble.
The gnoll bouda hits you with a +0 club!
* * * LOW HITPOINT WARNING * * *
The gnoll hits you with a +0 whip!
You die...

.............##
....##........####
....##........##.##
..#.^#...#....#>..#
#.##..............#
.........##.......##
........##.....#...#
.............#.#.g.#
................@g.#
.................###
.........#.##.....#
............##....#
.....#.....###....#
#..............#..##
#...........##.##..#
.............##....#
#............##...##


You could see a gnoll bouda and a gnoll.

Vanquished Creatures
  Menkaure (D:5)
  A water moccasin (D:5)
  2 ice beasts (D:5)
  3 scorpions
  2 hounds (D:5)
  Crazy Yiuf (D:5)
  2 iguanas (D:5)
  2 orc wizards (D:4)
  A sleepcap (D:4)
  3 gnolls (D:4)
  6 adders
  5 dart slugs
  10 orcs
  A bat (D:2)
  7 endoplasms
  7 giant cockroaches
  A goblin (D:2)
  6 hobgoblins
  6 jackals
  2 kobolds
  2 quokkas (D:2)
  9 ball pythons
  4 frilled lizards (D:2)
  7 rats
  A butterfly (D:5)
92 creatures vanquished.

Notes
Turn   | Place    | Note
-------+----------+-------------------------------------------
     0 | D:1      | Bnni the Formicid Hexslinger began the quest for the Orb.
     0 | D:1      | Reached XP level 1. HP: 15/15 MP: 2/2
   107 | D:1      | Reached XP level 2. HP: 21/21 MP: 3/3
   110 | D:1      | Learned a level 2 spell: Jinxbite
   243 | D:1      | Reached skill level 4 in Hexes
   293 | D:1      | Reached XP level 3. HP: 26/26 MP: 5/5
   932 | D:2      | Learned a level 3 spell: Sigil of Binding
   991 | D:2      | Found a faded altar of an unknown god.
  1005 | D:2      | Got a lithographed book
  1199 | D:2      | Reached XP level 4. HP: 33/33 MP: 6/6
  1518 | D:3      | Noticed a scorpion
  1546 | D:3      | Killed a scorpion
  1547 | D:3      | Reached skill level 5 in Hexes
  1547 | D:3      | Reached XP level 5. HP: 28/38 MP: 2/8
  1685 | D:3      | Found Wuasch's Book Shoppe.
  2195 | D:3      | Found a radiant altar of Vehumet.
  2196 | D:3      | Found a sparkling altar of Nemelex Xobeh.
  2196 | D:3      | Found a snail-covered altar of Cheibriados.
  2450 | D:4      | Reached XP level 6. HP: 42/46 MP: 6/9
  2461 | D:4      | Learned a level 4 spell: Cause Fear
  2534 | D:4      | Reached skill level 1 in Armour
  2786 | D:4      | Reached XP level 7. HP: 40/52 MP: 11/11
  3055 | D:5      | Entered Level 5 of the Dungeon
  3097 | D:5      | Reached skill level 6 in Hexes
  3222 | D:5      | Noticed a water moccasin
  3237 | D:5      | Killed a water moccasin
  3315 | D:5      | Reached XP level 8. HP: 56/58 MP: 12/12
  3323 | D:5      | Found a staircase to the Ecumenical Temple.
  3333 | Temple   | Entered the Ecumenical Temple
  3342 | Temple   | Became a worshipper of Hepliaklqana the Forgotten
  3414 | D:5      | Reached skill level 5 in Ranged Weapons
  3551 | D:5      | Found a runed translucent door.
  3552 | D:5      | Noticed Crazy Yiuf
  3557 | D:5      | Learned a level 3 spell: Inner Flame
  3569 | D:5      | Killed Crazy Yiuf
  3693 | D:5      | Noticed Menkaure
  3696 | D:5      | Killed Menkaure
  3697 | D:5      | Reached skill level 1 in Invocations
  3904 | D:6      | Noticed Maggie
  3935 | D:5      | Slain by a gnoll

Illustrated notes

Levels and vault maps discovered:
D:1:      dpeg_arrival_rooms_c, layout_loops_ring, minmay_pentomino_s4
D:2:      layout_rooms, shapermc_ecumenical_altar_rom_forum, minmay_puff
D:3:      layout_basic, chequers_temple_overflow_statue_of_worship,
          serial_shops, nicolae_book_shop_shelving
D:4:      layout_rooms, nrook_campfire
D:5:      layout_cave_pools, minmay_temple_entry_butterflies,
          uniq_crazy_yiuf_cottage, uniq_menkaure
D:6:      layout_gridville, enter_ossuary_3, serial_shops, shop, uniq_maggie
Temple:   eino_temple_lava

Skill      XL: |  1  2  3  4  5  6  7  8 |
---------------+-------------------------+-----
Hexes          | 4 5 6 |  6.9
Ranged Weapons | 3 4 5 |  5.2
Fighting       | 2 3 |  3.8
Spellcasting   | 2 3 |  3.5
Armour         | 1 2 |  2.7
Invocations    | 1 |  1.2
Dodging        | |  1.7
Fire Magic     | |  1.0

Action                     |  1- 3 |  4- 6 |  7- 9 || total
---------------------------+-------+-------+-------++-------
   Fire: Sling             |    89 |   154 |    89 ||   332
   Cast: Jinxbite          |     4 |    10 |     9 ||    23
         Sigil of Binding  |       |     1 |       ||     1
         Cause Fear        |       |       |     4 ||     4
         Inner Flame       |       |       |     2 ||     2
Ability: Dig               |       |     1 |       ||     1
  Evoke: Wand              |       |       |     1 ||     1
 Armour: Robe              |    12 |       |       ||    12
         Leather armour    |    11 |    63 |    50 ||   124
  Dodge: Dodged            |    27 |    79 |    50 ||   156

Table legend: (Time is in decaauts)
 A = Elapsed time spent in this place.
 B = Non-inter-level travel time spent in this place.
 C = Inter-level travel time spent in this place.
 D = Time resting spent in this place.
 E = Time spent auto-exploring this place.
 F = Levels seen in this place.
 G = Mean time per level.
                   A        B        C        D        E       F      G
               +--------+--------+--------+--------+--------+-----+--------+
         Total |   4019 |   3796 |    223 |    291 |   2685 |   7 |  574.1 |
       Dungeon |   4001 |   3785 |    216 |    291 |   2685 |   6 |  666.8 |
        Temple |     17 |     10 |      7 |      0 |      0 |   1 |   17.0 |
               +--------+--------+--------+--------+--------+-----+--------+

Top non-repeatable levels by time:
     D:3: 901 daAuts
     D:1: 894 daAuts
     D:5: 808 daAuts
     D:4: 688 daAuts
     D:2: 638 daAuts
     D:6: 71 daAuts
  Temple: 17 daAuts
